 Seeded DCSS version 0.26-a0-946-g9485abf (webtiles) character file.

Game seed: 210388575596111802 (custom seed)

11 MercyWheel the Magician (level 2, -1/20 HPs)
             Began as a Demigod Wanderer on Nov 16, 2020.
             Slain by a goblin (3 damage)
             ... on level 1 of the Dungeon on Nov 28, 2020.
             The game lasted 00:04:29 (540 turns).

MercyWheel the Magician (Demigod Wanderer)           Turns: 540, Time: 00:04:30

Health: -1/20      AC:  2    Str: 13    XL:     2   Next: 3%
Magic:  5/9        EV: 10    Int: 18    God:
Gold:   18         SH:  4    Dex: 15    Spells: 7/8 levels left

rFire    . . .     SeeInvis .   a - +0 dagger
rCold    . . .     Faith    .   c - +0 buckler
rNeg     . . .     Spirit   .   d - +0 robe
rPois    .         Reflect  .   (no helmet)
rElec    .         Harm     .   (no cloak)
rCorr    .         Rampage  .   (no gloves)
MR       .....                  (no boots)
Stlth    +.........             (no amulet)
HPRegen  0.06/turn              (no ring)
MPRegen  0.11/turn              (no ring)

@: no status effects
A: high mp 1
a: no special abilities


You were on level 1 of the Dungeon.
You visited 1 branch of the dungeon, and saw 1 of its levels.

You collected 18 gold pieces.

Inventory:

Hand Weapons
 a - a +0 dagger (weapon)
Armour
 b - a +0 leather armour
 c - a +0 buckler (worn)
 d - a +0 robe (worn)
Scrolls
 f - a scroll of blinking {unknown}
Potions
 e - a potion of cancellation {unknown}
 g - a potion of degeneration {unknown}


   Skills:
 - Level 1.0 Shields
 - Level 3.6 Spellcasting
 + Level 1.4 Conjurations
 - Level 1.0 Translocations
 - Level 1.0 Fire Magic
 - Level 1.0 Ice Magic
 - Level 1.0 Air Magic
 - Level 1.0 Evocations


You had 7 spell levels left.
You knew the following spells:

 Your Spells              Type           Power        Failure   Level
a - Magic Dart            Conj           #...         12%         1

Your spell library contained the following spells:

 Spells                   Type           Power        Failure   Level
 Blink                    Tloc           N/A          22%         2
 Call Imp                 Summ           #.......     34%         2
 Passwall                 Tmut/Erth      #.......     34%         2
 Slow                     Hex            #.......     34%         2
 Wereblood                Tmut           #.......     34%         2
 Conjure Flame            Conj/Fire      #.......     38%         3
 Mephitic Cloud           Conj/Pois/Air  #.......     43%         3


Dungeon Overview and Level Annotations

Branches:
Dungeon (1/15)


Innate Abilities, Weirdness & Mutations

You have an increased reservoir of magic. (+10% MP)


Message History

The rat barely misses you. The goblin hits you. The rat barely misses you.
You block the ball python's attack. The ball python grabs you.
The ball python constricts you.
You hit the goblin.
The goblin is heavily wounded.
The rat bites you but does no damage.
The ball python bites you but does no damage.
The ball python constricts you. The goblin hits you but does no damage.
You escape the ball python's grasp.
The rat barely misses you. The goblin hits you.
* * * LOW HITPOINT WARNING * * *
The goblin hits you.
* * * LOW HITPOINT WARNING * * *
The rat closely misses you. The goblin closely misses you. The rat bites you.
* * * LOW HITPOINT WARNING * * *
You block the ball python's attack. The ball python barely misses you.
You block the rat's attack. The rat closely misses you. The goblin hits you.
You die...

#.###############.#.###......#
#.# #############...# #......#
..# ...!............# #......#
........######..# #......#
........# #..# #......#
...!....# ##.###......#
........#######>.........#
......(.....?..######+##
#####...@.....###
#..grS.........
#..............
########........ #########


You could see a goblin, a ball python and a rat.

Vanquished Creatures
  A bat (D:1)
  A goblin (D:1)
  3 hobgoblins (D:1)
  A frilled lizard (D:1)
  A kobold (D:1)
  4 rats (D:1)
11 creatures vanquished.

Notes
Turn   | Place    | Note
-------+----------+-------------------------------------------
     0 | D:1      | MercyWheel the Demigod Wanderer began the quest for the
                  | Orb.
     0 | D:1      | MercyWheel set off with the following items: a +0 dagger, a
                  | +0 buckler, a +0 robe; and the following spell memorised:
                  | Magic Dart; and the following spells available to memorise:
                  | Blink, Call Imp, Passwall, Slow, Wereblood, Conjure Flame,
                  | Mephitic Cloud
     0 | D:1      | Reached XP level 1. HP: 14/14 MP: 7/7
   191 | D:1      | Reached skill level 1 in Conjurations
   410 | D:1      | Upgraded the game from 0.26-a0-833-g7262b39 to
                  | 0.26-a0-946-g9485abf
   522 | D:1      | Reached XP level 2. HP: 20/20 MP: 3/9
   540 | D:1      | Slain by a goblin

Illustrated notes

Levels and vault maps discovered:
D:1:      psy_arrival_statuary, layout_basic

Skill      XL: |  1 |
---------------+----+-----
Conjurations   | 1 |  1.4
Shields        | |  1.0
Spellcasting   | |  3.6
Translocations | |  1.0
Fire Magic     | |  1.0
Ice Magic      | |  1.0
Air Magic      | |  1.0
Evocations     | |  1.0

Action                   || total
-------------------------++-------
Melee: Dagger            ||    42
 Cast: Magic Dart        ||    10
 Stab: Sleeping          ||     1
Armor: Robe              ||    16
Dodge: Dodged            ||    37
Block: Buckler           ||    13

Table legend: (Time is in decaauts)
 A = Elapsed time spent in this place.
 B = Non-inter-level travel time spent in this place.
 C = Inter-level travel time spent in this place.
 D = Time resting spent in this place.
 E = Time spent auto-exploring this place.
 F = Levels seen in this place.
 G = Mean time per level.
                   A        B        C        D        E       F      G
               +--------+--------+--------+--------+--------+-----+--------+
         Total |    541 |    541 |      0 |     27 |    383 |   1 |  541.0 |
       Dungeon |    541 |    541 |      0 |     27 |    383 |   1 |  541.0 |
               +--------+--------+--------+--------+--------+-----+--------+

Top non-repeatable levels by time:
     D:1: 541 daAuts
